[Event "Open Nuevo Centro. Jornada 1"]
[Site "Chess.com"]
[Date "2020.06.19"]
[Round "2"]
[White "Martinez Villena, David"]
[Black "Chernikov, Vladimir"]
[Result "1-0"]
[WhiteElo "1683"]
[BlackElo "2244"]
[TimeControl "180+2"]
[EndTime "10:48:01 PDT"]
[Termination "Victoria de DavidMVAlaquas por abandono"]

1. e4 c5 2. c3 Nf6 3. e5 Nd5 4. d4 cxd4 5. cxd4 Nc6 6. Nf3 d6 7. Bc4 dxe5 8. dxe5 Ndb4 9. Qb3 e6 10. O-O Na5 11. Bb5+ Bd7 12. Bxd7+ Qxd7 13. Qd1 Qxd1 14. Rxd1 Nc2 15. Nc3 Nxa1 16. Nb5 Rc8 17. Bg5 h6 18.
Nc7+ 1

[Event "Open Nuevo Centro. Jornada 1"]
[Site "Chess.com"]
[Date "2020.06.19"]
[Round "2"]
[White "R�os Valle, Daniel "]
[Black "Torres Biosca, Roberto"]
[Result "1-0"]
[WhiteElo "1170"]
[BlackElo "740"]
[TimeControl "180+2"]
[EndTime "10:48:21 PDT"]
[Termination "Victoria de danielrios010309 por jaque mate"]

1. e4 e5 2. Nf3 Bc5 3. d4 Bb4+ 4. c3 Ba5 5. Nxe5 d6 6. Nc4 b6 7. Nxa5 bxa5 8. Qf3 f6 9. Qh5+ g6 10. Qd5 c6 11.
Qc4 Ba6 12. Qb3 Qe7 13. Bxa6 Nxa6 14. O-O h5 15. Re1 Rb8 16. Qc2 h4 17. e5 fxe5 18.
Qxg6+ Kd8 19. Bg5 Nf6 20. Bxf6 Rg8 21. Bxe7+ Kxe7 22. Qe4 d5 23. Qxe5+ Kd8 24. Qe7+ Kc8 25. Re6 Nc7 26. Rxc6 Rb7 27. Na3 Re8 28. Qxe8# 1

[Event "Open Nuevo Centro. Jornada 1"]
[Site "Chess.com"]
[Date "2020.06.19"]
[Round "2"]
[White "Cebolla Ruiz, David"]
[Black "Clement G�mez, Jos� Antonio"]
[Result "0-1"]
[WhiteElo "1726"]
[BlackElo "2489"]
[TimeControl "180+2"]
[EndTime "10:48:25 PDT"]
[Termination "Victoria de P4AD por tiempo"]

1. e4 c5 2. Nf3 e6 3. d4 cxd4 4. Nxd4 Nc6 5. Be3 Nf6 6. f3 d5 7. Bd3 e5 8. Nxc6 bxc6 9. O-O Be7 10. Bg5 O-O 11. Bxf6 Bxf6 12. c3 Qb6+ 13. Kh1 Qxb2 14. Nd2 Qxc3 15. Qc2 Qxc2 16. Bxc2 Ba6 17. Rfe1 Rab8 18.
exd5 cxd5 19. Nb3 Rfc8 20. Bf5 Rc3 21. Rac1 Rxc1 22. Rxc1 g6 0

[Event "Open Nuevo Centro. Jornada 1"]
[Site "Chess.com"]
[Date "2020.06.19"]
[Round "2"]
[White "Fern�ndez Mart�n, Berta"]
[Black "Selva Viu, Antonio"]
[Result "1-0"]
[WhiteElo "1029"]
[BlackElo "362"]
[TimeControl "180+2"]
[EndTime "10:48:43 PDT"]
[Termination "Victoria de MikayoMata97 por tiempo"]

1. e4 e5 2. Nf3 f5 3. exf5 Nf6 4. Nxe5 d6 5. Nf3 Bxf5 6. Nc3 d5 7. d4 Bb4 8. Bd2 O-O 9. Be2 Qe8 10. O-O Bxc3 11.
Bxc3 Nc6 12. Re1 Ne4 13. Bd3 1

[Event "Open Nuevo Centro. Jornada 1"]
[Site "Chess.com"]
[Date "2020.06.19"]
[Round "2"]
[White "Movsisyan, Tigran"]
[Black "Ferrero Sanchis, Enrique"]
[Result "1-0"]
[WhiteElo "1889"]
[BlackElo "1516"]
[TimeControl "180+2"]
[EndTime "10:48:49 PDT"]
[Termination "Victoria de USHADIRvzgo por jaque mate"]

1. d4 d6 2. c4 g6 3. Nf3 Bg4 4. Nc3 Bg7 5. Bf4 c6 6. e3 Nd7 7.
Be2 Nb6 8. O-O Bxf3 9. Bxf3 Nxc4 10. a4 e6 11. b3 Nb6 12. a5 Nd5 13. Bxd5 exd5 14.
e4 dxe4 15. Nxe4 Bf8 16. Re1 Kd7 17. Qf3 Nf6 18. Bg5 Be7 19. Nxf6+ Bxf6 20. Bxf6 Qc7 21. Bxh8 Rxh8 22. Qxf7+ Kc8 23. Re8+ Rxe8 24. Qxe8+ Qd8 25. Qxd8+ Kxd8 26. Re1 b6 27. axb6 axb6 28. f4 Kd7 29.
Kf2 c5 30. dxc5 bxc5 31. Ke3 Kc6 32. Kd3 Kb5 33. Re6 d5 34. Re7 Kb4 35. Rd7 d4 36. Rxh7 Kxb3 37. g4 c4+ 38. Kxd4 c3 39. Rc7 Kb2 40. Rxc3 g5 41. fxg5 Ka2 42. g6 Kb2 43.
g7 Ka2 44. g8=Q+ Kb2 45. Qb8+ Ka2 46. Qb4 Ka1 47. Ra3# 1

[Event "Open Nuevo Centro. Jornada 1"]
[Site "Chess.com"]
[Date "2020.06.19"]
[Round "2"]
[White "Elenkov Olmo, Ivan"]
[Black "Aguado, Pablo Luis"]
[Result "0-1"]
[WhiteElo "795"]
[BlackElo "1242"]
[TimeControl "180+2"]
[EndTime "10:49:02 PDT"]
[Termination "Victoria de PLAD_2006 por tiempo"]

1. e4 c5 2. Nf3 d6 3. Bc4 e6 4.
d3 g6 5. O-O Bg7 6. Nc3 Nc6 7.
Be3 Nge7 8. a3 O-O 9. Qd2 d5 10. exd5 exd5 11. Ba2 d4 12. Bxd4 cxd4 13. Ne2 Bg4 14.
c3 Bxf3 15. gxf3 Ne5 16. Nxd4 Qxd4 17. cxd4 Nxf3+ 18. Kg2 Nxd2 19. Rfe1 Nf5 20. Rad1 Bh6 21. Bd5 Nxd4 22. Bxb7 Rab8 23. Be4 Rxb2 24. f3 Nxe4+ 0

[Event "Open Nuevo Centro. Jornada 1"]
[Site "Chess.com"]
[Date "2020.06.19"]
[Round "2"]
[White "Yeste Campos, Manuel"]
[Black "Beneyto de Ramon, Guillermo"]
[Result "0-1"]
[WhiteElo "921"]
[BlackElo "1489"]
[TimeControl "180+2"]
[EndTime "10:49:28 PDT"]
[Termination "Victoria de GUILLETE por jaque mate"]

1. e4 Nf6 2. Nc3 e5 3. Nf3 Nc6 4. Bb5 Nd4 5. Nxd4 exd4 6. Ne2 c6 7. Ba4 d5 8. exd5 Qxd5 9. O-O Be7 10. Nf4 Qg5 11. Nh3 Bxh3 12. g3 Qd5 13. f3 Bxf1 14.
Qxf1 d3 15. cxd3 Qd4+ 16. Kg2 Qxa4 17. b3 Qb4 18. Bb2 O-O 19. g4 Qxd2+ 20. Qf2 Qxf2+ 21. Kxf2 Bc5+ 22. Kg3 Nd5 23. d4 Bb6 24. Re1 Rfe8 25. Rf1 Ne3 26. Rg1 Rad8 27. d5 Nf5+ 28. gxf5 Bxg1 29. Kg2 Bb6 30. Kh3 Rxd5 31. Kg2 Rd2+ 32. Kh3 Ree2 33. Bc3 Rc2 34. Bxg7 Bc7 35. Kg4 Rg2+ 36.
Kh4 Rxh2+ 37. Kg4 Rcg2# 0

[Event "Open Nuevo Centro. Jornada 1"]
[Site "Chess.com"]
[Date "2020.06.19"]
[Round "2"]
[White "Lupu, Alexandru Mihai"]
[Black "Cebri�n Granado, Guille"]
[Result "1-0"]
[WhiteElo "1023"]
[BlackElo "380"]
[TimeControl "180+2"]
[EndTime "10:49:29 PDT"]
[Termination "Victoria de KeenYoyo por jaque mate"]

1. d4 d5 2. Bf4 Bf5 3. e3 Nc6 4.
c3 Nf6 5. Bd3 e6 6. Bxf5 Qd6 7.
Bxd6 cxd6 8. Nf3 exf5 9. Nbd2 g5 10. Nxg5 Be7 11. Ngf3 h5 12. O-O Rg8 13. h3 Rg5 14. Nxg5 O-O-O 15. Nxf7 b6 16. Nxd8 Kxd8 17. Re1 a5 18. f3 b5 19. e4 b4 20. exd5 a4 21. dxc6 Kc7 22. Qxa4 d5 23. Rxe7+ Kd6 24. Qxb4+ Kxc6 25. Ree1 f4 26. a3 Kc7 27. a4 Nd7 28. a5 Nb8 29.
Re7+ Kc8 30. Qa4 Na6 31. Qe8# 1

[Event "Open Nuevo Centro. Jornada 1"]
[Site "Chess.com"]
[Date "2020.06.19"]
[Round "2"]
[White "Camison Zornoza, Cesar"]
[Black "Hern�ndez Tom�s, Efr�n"]
[Result "1-0"]
[WhiteElo "1412"]
[BlackElo "895"]
[TimeControl "180+2"]
[EndTime "10:49:47 PDT"]
[Termination "Victoria de cczchess2019 por jaque mate"]

1. e4 e5 2. Nf3 Nf6 3. Nc3 Nc6 4. Nxe5 Nxe5 5. d4 Nc6 6. d5 Ne5 7. f4 Neg4 8. e5 Nxd5 9. Nxd5 d6 10. Be2 f5 11. exf6 Qd7 12. Bxg4 Qxg4 13. Qxg4 Bxg4 14. Nxc7+ Kd7 15. Nxa8 gxf6 16. O-O Bh6 17. h3 Be6 18. f5 Bc4 19. Bxh6 Bxf1 20. Rxf1 Rxa8 21. Bg7 Rg8 22. Bxf6 Rf8 23. Bd4 b6 24. c4 Kc6 25.
b3 d5 26. cxd5+ Kxd5 27. Bb2 Ke4 28. f6 Kd5 29. g4 Ke6 30. g5 h6 31. h4 hxg5 32.
hxg5 Rg8 33. Bc1 a5 34. Kg2 b5 35. Kg3 b4 36. Kg4 Kf7 37. Re1 Kg6 38. Re7 a4 39. Bd2 axb3 40. axb3 Rg7 41. fxg7 Kh7 42. Kf5 Kg8 43.
Kf6 Kh7 44. g6+ Kg8 45. Re8# 1

[Event "Open Nuevo Centro. Jornada 1"]
[Site "Chess.com"]
[Date "2020.06.19"]
[Round "2"]
[White "Mart�nez Cuenca, Adri�n "]
[Black "Juan Alos, Sergio"]
[Result "0-1"]
[WhiteElo "730"]
[BlackElo "1256"]
[TimeControl "180+2"]
[EndTime "10:49:51 PDT"]
[Termination "Victoria de SergioJuanAlos por jaque mate"]

1. e4 c6 2. Bc4 d5 3. Be2 dxe4 4. Bc4 Nf6 5. f3 exf3 6. gxf3 Bf5 7. Nh3 Bxh3 8. f4 Bg2 9. Rg1 Bd5 10. Bxd5 Nxd5 11. Kf2 Nxf4 12. Kf3 Nh3 13. Qe2 Nxg1+ 14. Kg2 Nxe2 15.
Kf2 Nxc1 16. a4 Qd4+ 17. Kf3 Qxb2 18. Ra3 Qb3+ 19. Rxb3 Nxb3 20. cxb3 Nd7 21. d4 e5 22.
dxe5 Nxe5+ 23. Ke4 Ng4 24. h3 Nf2+ 25. Kf3 Nxh3 26.
Kg3 Ng5 27. Kg4 Rd8 28. Kxg5 Rd1 29. Nc3 Rc1 30. Ne4 Rb1 31. Nd6+ Bxd6 32. a5 Rf1 33. b4 b6 34. axb6 axb6 35. b5 c5 36.
Kg4 c4 37. Kh3 c3 38. Kg2 c2 39. Kxf1 c1=Q+ 40. Kf2 Qc3 41. Ke2 Qd4 42. Ke1 Qd3 43. Kf2 Qe4 44. Kf1 Qe3 45. Kg2 Qf4 46. Kh3 Qg3# 0

[Event "Open Nuevo Centro. Jornada 1"]
[Site "Chess.com"]
[Date "2020.06.19"]
[Round "2"]
[White "Donate Moreno, Silvia"]
[Black "Alegre Romaguera, Francesc"]
[Result "0-1"]
[WhiteElo "1776"]
[BlackElo "1223"]
[TimeControl "180+2"]
[EndTime "10:50:03 PDT"]
[Termination "Victoria de Francesc_08 por abandono"]

1. Nf3 Nf6 2. d4 g6 3. e3 Bg7 4. Bd3 d6 5. O-O O-O 6. c4 Nbd7 7. b3 c5 8. Bb2 cxd4 9. exd4 e5 10. dxe5 dxe5 11. Nxe5 Ng4 12. f4 Ne3 13. Qe2 Nxf1 14.
Qxf1 Nxe5 15. fxe5 Qb6+ 16. Kh1 Qc5 17. Ba3 Qxe5 18.
Bxf8 Qxa1 19. Bxg7 Qxg7 20. Be4 f5 21. Bd5+ Kf8 22. Qf4 Qe7 23. Nd2 Be6 24. Bxb7 Qxb7 25. Qh6+ Qg7 0

[Event "Open Nuevo Centro. Jornada 1"]
[Site "Chess.com"]
[Date "2020.06.19"]
[Round "2"]
[White "Zamora Soler, Raul"]
[Black "Ainsa Jimenez, Lucas"]
[Result "1-0"]
[WhiteElo "1764"]
[BlackElo "953"]
[TimeControl "180+2"]
[EndTime "10:50:03 PDT"]
[Termination "Victoria de rzamora80 por jaque mate"]

1. e4 e5 2. Nf3 Nc6 3. d4 exd4 4. Nxd4 Nxd4 5. Qxd4 Nf6 6. c4 c6 7. Nc3 Ng4 8. e5 Nh6 9. Bxh6 gxh6 10. O-O-O Qg5+ 11.
Qd2 Qg6 12. f4 d6 13. exd6 Bd7 14. c5 O-O-O 15. Bd3 Qg7 16. g3 Bg4 17. Rde1 Bf3 18. Rhf1 Bg4 19. Re5 Be6 20. Rfe1 Qf6 21. Ne4 Qg7 22. Qa5 h5 23. Qxa7 h6 24. Qa8+ Kd7 25. Qxb7+ Ke8 26. Qxc6+ Rd7 27. Qc8+ Rd8 28. Bb5# 1

[Event "Open Nuevo Centro. Jornada 1"]
[Site "Chess.com"]
[Date "2020.06.19"]
[Round "2"]
[White "Bosch Jord�, Ricard"]
[Black "Gil Lopez, Alejandro"]
[Result "0-1"]
[WhiteElo "1577"]
[BlackElo "2045"]
[TimeControl "180+2"]
[EndTime "10:50:04 PDT"]
[Termination "Victoria de AglVal0313 por abandono"]

1. e4 c5 2. Nf3 g6 3. d4 cxd4 4. Nxd4 Bg7 5. c4 Nc6 6. Be3 Nf6 7. Nc3 O-O 8. Be2 d6 9. f3 Bd7 10. O-O a6 11. Qd2 Rb8 12. a4 Nxd4 13. Bxd4 Bc6 14.
Rfd1 a5 15. Nd5 Nd7 16. Bxg7 Kxg7 17. b4 axb4 18. Nxb4 Nc5 19. Nxc6 bxc6 20. a5 Ra8 21. Ra3 Qc7 22. Rda1 Ra6 23. Qd4+ Kg8 24. e5 Ne6 25. Qc3 Rfa8 26. exd6 exd6 27. c5 R6a7 28. cxd6 Qxd6 29. a6 Nd4 30. Bc4 Nb5 31. Bxb5 cxb5 32. Ra5 b4 33. Qc4 Rb8 34. Rb5 Rxb5 35. Qxb5 Qd4+ 36. Kf1 Qxa1+ 37.
Kf2 Qxa6 0

[Event "Open Nuevo Centro. Jornada 1"]
[Site "Chess.com"]
[Date "2020.06.19"]
[Round "2"]
[White "Sanchis Bon, Sergi"]
[Black "Pitarch Soriano, Pablo"]
[Result "1-0"]
[WhiteElo "1021"]
[BlackElo "1074"]
[TimeControl "180+2"]
[EndTime "10:50:04 PDT"]
[Termination "Victoria de Sergi_2011 por jaque mate"]

1. e4 e5 2. Nf3 Nc6 3. g3 Nf6 4. Bg2 Be7 5. O-O O-O 6. Nc3 d5 7. exd5 Nxd5 8. Nxd5 Qxd5 9. Nh4 Qe6 10. Re1 Bxh4 11.
gxh4 Nd4 12. c3 Nf5 13. Bh3 Qg6+ 14. Kh1 Nxh4 15. Rg1 Qe4+ 16. Bg2 Nxg2 17. Rxg2 Bh3 18.
f3 Qf5 19. Rg3 e4 20. fxe4 Qxe4+ 21. Qf3 Qxf3+ 22. Rxf3 Bg4 23. Rg3 Bd7 24. d4 Bc6+ 25. Kg1 Rae8 26. Bh6 Ra8 27. Bxg7 Rae8 28. Bxf8+ Kxf8 29. Rh3 Kg7 30. Rg3+ Kf6 31. Rf1+ Ke7 32. Re3+ Kd7 33.
Rxf7+ Kd6 34. Rxe8 Bxe8 35. Rxh7 Bg6 36. Rh6 Ke7 37. Rxg6 Kd7 38. Rg5 c6 39. Rf5 Kc7 40.
Rf7+ Kb6 41. Rf6 a6 42. a3 Kb5 43. b3 b6 44. c4+ Ka5 45. Rf5+ b5 46. b4+ Ka4 47. Rf3 bxc4 48. Rc3 a5 49. Rxc4 Kxa3 50. bxa5 Kb3 51. Rxc6 Kb4 52. a6 Kb5 53. a7 Kxc6 54. a8=Q+ Kb5 55. d5 Kc4 56. d6 Kd4 57. d7 Ke5 58. d8=Q Ke6 59. Qac8+ Ke5 60. Qdc7+ Kd4 61.
Q8d7+ Ke3 62. Qe5+ Kf3 63. Qdf5# 1

[Event "Open Nuevo Centro. Jornada 1"]
[Site "Chess.com"]
[Date "2020.06.19"]
[Round "2"]
[White "Ursariu, Nikolas Victor"]
[Black "Serradilla Revert, Rodrigo"]
[Result "1-0"]
[WhiteElo "1259"]
[BlackElo "733"]
[TimeControl "180+2"]
[EndTime "10:50:10 PDT"]
[Termination "Victoria de NikolasVictor por jaque mate"]

1. e4 e5 2. Nf3 Nf6 3. Nxe5 d6 4.
Nf3 Nc6 5. Bb5 a6 6. Bxc6+ bxc6 7. d3 Bg4 8. h3 Be6 9. O-O d5 10. Bg5 h6 11. Be3 Bd6 12. Nc3 c5 13. Ne2 d4 14.
Bd2 Nh5 15. c3 Qf6 16. cxd4 cxd4 17. Nexd4 Nf4 18. Bxf4 Qxf4 19. Nxe6 Qh2+ 20. Nxh2 Bxh2+ 21. Kxh2 fxe6 22. d4 O-O 23. d5 exd5 24. Qxd5+ Rf7 25. Qxa8+ Kh7 26. Qxa6 g5 27. Qd3 c6 28. e5+ Kg7 29. e6 Re7 30. Qd6 Kg6 31. Qxe7 Kh5 32. Qf7+ Kh4 33. g3# 1

[Event "Open Nuevo Centro. Jornada 1"]
[Site "Chess.com"]
[Date "2020.06.19"]
[Round "2"]
[White "Lloret Ramis, Juan Jos�"]
[Black "Birnoveanu, Petru"]
[Result "1-0"]
[WhiteElo "1990"]
[BlackElo "1580"]
[TimeControl "180+2"]
[EndTime "10:50:24 PDT"]
[Termination "Victoria de Amiplim por tiempo"]

1. c4 g6 2. Nc3 Bg7 3. d4 c5 4.
d5 d6 5. e4 f5 6. Bd3 fxe4 7.
Nxe4 Na6 8. Nf3 Bg4 9. h3 Bxf3 10.
Qxf3 Nc7 11. O-O Qd7 12. Re1 a6 13. Bf4 O-O-O 14. Ng5 Nh6 15. Ne6 Nxe6 16. dxe6 Qc7 17. Rab1 Rhf8 18. Qe3 Nf5 19. Qd2 Bd4 20. b4 Ng7 21. bxc5 dxc5 22. Bxc7 Kxc7 23. Re2 Rd6 24. Qg5 Rf6 25. Be4 b6 26. Qc1 1

[Event "Open Nuevo Centro. Jornada 1"]
[Site "Chess.com"]
[Date "2020.06.19"]
[Round "2"]
[White "M�s Ripoll, Vicente"]
[Black "Yuste Valenzuela, Alejandro"]
[Result "0-1"]
[WhiteElo "1119"]
[BlackElo "1780"]
[TimeControl "180+2"]
[EndTime "10:50:33 PDT"]
[Termination "Victoria de alejandrito290 por tiempo"]

1. e4 c5 2. Nf3 d6 3. d4 cxd4 4. Nxd4 Nf6 5. Nc3 g6 6. b3 Bg7 7. Bb2 O-O 8. Bd3 Nc6 9. Nxc6 bxc6 10. Rb1 Nd7 11. O-O Nc5 12. Be2 e5 13. b4 Ne6 14.
Bc1 Nd4 15. Bd3 Be6 16. Ne2 Nxe2+ 17. Qxe2 Bxa2 18. Ra1 Be6 19. f4 exf4 20. Ra6 c5 21.
bxc5 dxc5 22. Bxf4 Qc8 23. c4 Qxa6 24. e5 Rfd8 25.
Qe3 Bxc4 26. Bxc4 Qxc4 27. Rc1 Qd4 28. Rxc5 Qxe3+ 29. Bxe3 Rac8 0

[Event "Open Nuevo Centro. Jornada 1"]
[Site "Chess.com"]
[Date "2020.06.19"]
[Round "2"]
[White "Sanchez Saez, Francisco"]
[Black "Roca Cruz, Rafael"]
[Result "1-0"]
[WhiteElo "2274"]
[BlackElo "1665"]
[TimeControl "180+2"]
[EndTime "10:50:38 PDT"]
[Termination "Victoria de Pacman1995 por abandono"]

1. Nf3 b5 2. b3 Bb7 3. Bb2 e6 4.
g3 Nf6 5. Bg2 Be7 6. O-O O-O 7.
a4 a6 8. d3 d6 9. e4 Nbd7 10.
Re1 c5 11. Nbd2 Qc7 12. Qe2 Rfe8 13. h3 Nf8 14. Kh2 N6d7 15. e5 dxe5 16. Nxe5 Bxg2 17. Kxg2 Bf6 18. Rab1 Nxe5 19. Bxe5 Bxe5 20. Qxe5 Qxe5 21.
Rxe5 Nd7 22. Re4 f6 23. f4 Kf7 24. Ra1 Nb6 25. Nf3 bxa4 26. bxa4 Nd5 27. Kf2 Rab8 28. Nd2 Rb2 29. Rc1 Nb4 30. Rc4 Rc8 31. Ke3 Nd5+ 32. Kf3 Nb6 33. Rc3 Nxa4 34. Ra3 Nc3 35.
Rxc3 1

[Event "Open Nuevo Centro. Jornada 1"]
[Site "Chess.com"]
[Date "2020.06.19"]
[Round "2"]
[White "Furio Martinez, Francisco"]
[Black "Galiana Ferrer, Oscar"]
[Result "0-1"]
[WhiteElo "910"]
[BlackElo "858"]
[TimeControl "180+2"]
[EndTime "10:50:51 PDT"]
[Termination "Victoria de CavalldeFoc2 por tiempo"]

1. d4 d5 2. e3 Nf6 3. Nf3 Nc6 4. Be2 e6 5. O-O Bd6 6. Nc3 O-O 7.
Bd2 Bd7 8. b3 b6 9. Bc1 e5 10. Bb2 exd4 11. exd4 Ne4 12. Nxe4 dxe4 13. d5 exf3 14. dxc6 fxg2 15. Kxg2 Bxc6+ 16. Kg1 f6 17. Bc4+ Kh8 18. Rc1 Qb8 19. Be2 Qb7 20. c4 Bg2 21.
Re1 Bc6 22. c5 Bxc5 23. Bh5 Bb4 24. Re8 Rfxe8 25. Bxe8 Bxe8 26. Qg4 Bd6 27. Re1 Bc6 28. Qh5 h6 29. Qg6 a5 30. Re6 Be8 31. Rxe8+ Rxe8 32. Qxe8+ Kh7 33. Qd7 Bxh2+ 34. Kxh2 b5 0

[Event "Open Nuevo Centro. Jornada 1"]
[Site "Chess.com"]
[Date "2020.06.19"]
[Round "2"]
[White "Mena Sancho, Angel"]
[Black "Haoyou, Deng"]
[Result "0-1"]
[WhiteElo "1507"]
[BlackElo "1810"]
[TimeControl "180+2"]
[EndTime "10:50:59 PDT"]
[Termination "Victoria de Hoyau por abandono"]

1. d4 Nf6 2. Bf4 e6 3. Nf3 d5 4.
e3 Be7 5. Nbd2 O-O 6. Bd3 b6 7. c3 Bb7 8. Qc2 c5 9. dxc5 Bxc5 10. Ne5 Nc6 11. O-O-O Rc8 12. g4 Nxe5 13. Bxe5 h6 14.
g5 hxg5 15. Rhg1 g4 16. Bxf6 Qxf6 17. Rxg4 e5 18. Bf5 Rc7 19. Bh7+ Kh8 20. Rdg1 e4 21. Rxg7 Qxg7 22. Rxg7 Kxg7 23. Bf5 Kf6 24. Bh3 Rh8 25.
Bf1 Rxh2 26. Qd1 Rxf2 27. Qe1 Rf5 28. Qh4+ Ke5 29. Qg3+ Kf6 30. Qxc7 Bxe3 31. Qxb7 Rxf1+ 32. Kc2 Rf2 33. Qc6+ Kg7 34. Qd6 Rxd2+ 35. Kb3 Bc5 36. Qg3+ Kf8 37. Qb8+ Kg7 38. Qg3+ Kf8 39. Qg5 Rd3 40. Qxd5 Rxd5 0

[Event "Open Nuevo Centro. Jornada 1"]
[Site "Chess.com"]
[Date "2020.06.19"]
[Round "2"]
[White "Miranda Calvo, Max Rodrigo"]
[Black "Moreno Garc�a, Gonzalo "]
[Result "1-0"]
[WhiteElo "1133"]
[BlackElo "597"]
[TimeControl "180+2"]
[EndTime "10:50:59 PDT"]
[Termination "Victoria de bas-max-miranda por jaque mate"]

1. e4 e5 2. Nf3 Nc6 3. Bc4 Nf6 4. Ng5 Qe7 5. Nxf7 Rg8 6. Nxe5 Nxe5 7. Bxg8 d5 8. Bxd5 Be6 9. Bxb7 Rd8 10. d3 Nfg4 11.
h3 Nf6 12. Bf4 Qb4+ 13. c3 Qxb2 14. Bxe5 Rb8 15. Bc6+ Nd7 16. Bxd7+ Bxd7 17. Nd2 Bd6 18. Bxd6 cxd6 19. Rb1 Qxa2 20. Rxb8+ Ke7 21. Rh8 Be8 22.
Rxh7 Bg6 23. Rxg7+ Bf7 24. Rxf7+ Qxf7 25. O-O Qe6 26.
Qb3 Qg6 27. Qb7+ Ke6 28. Qxa7 Qg8 29. Qa2+ Ke7 30. Qxg8 Kd7 31. Ra1 Kc6 32. Ra5 Kb6 33.
Nb3 Kc6 34. Qc8+ Kb6 35. Ra6+ Kb5 36. Qc6# 1

[Event "Open Nuevo Centro. Jornada 1"]
[Site "Chess.com"]
[Date "2020.06.19"]
[Round "2"]
[White "Teply Koutsky, David"]
[Black "Rodriguez, Mathias"]
[Result "0-1"]
[WhiteElo "1572"]
[BlackElo "2010"]
[TimeControl "180+2"]
[EndTime "10:51:27 PDT"]
[Termination "Victoria de niguil por jaque mate"]

1. d4 Nf6 2. c4 g6 3. Nc3 d5 4. cxd5 Nxd5 5. Bd2 Bg7 6. e4 Nxc3 7. Bxc3 c5 8. d5 O-O 9. Nf3 e6 10. Bxg7 Kxg7 11. d6 Nc6 12. e5 c4 13. Bxc4 Nxe5 14. Nxe5 Qa5+ 15. Qd2 Qxe5+ 16. Be2 Rd8 17. Rd1 Bd7 18. O-O Bc6 19. Qd4 Qxd4 20. Rxd4 Rd7 21. Rfd1 Rad8 22. b3 e5 23. R4d2 b5 24. f3 f5 25. Kf2 Kf6 26. a4 a6 27. axb5 axb5 28. g3 Ke6 29. f4 Rxd6 30. Rxd6+ Rxd6 31. fxe5 Rxd1 32. Bxd1 Kxe5 33. Ke3 g5 34. Be2 b4 35. Bc4 Bd5 36. Bxd5 Kxd5 37. Kd3 f4 38. gxf4 gxf4 39. h3 h6 40. h4 h5 41. Kc2 Ke4 42. Kd2 f3 43.
Ke1 Ke3 44. Kf1 f2 45. Kg2 Ke2 46. Kg3 f1=Q 47. Kh2 Qf4+ 48. Kh3 Qg4+ 49. Kh2 Kf2 50. Kh1 Qh3# 0

[Event "Open Nuevo Centro. Jornada 1"]
[Site "Chess.com"]
[Date "2020.06.19"]
[Round "2"]
[White "Gutierrez Marco, Dario"]
[Black "Casado Andreu, David"]
[Result "0-1"]
[WhiteElo "1930"]
[BlackElo "1572"]
[TimeControl "180+2"]
[EndTime "10:51:29 PDT"]
[Termination "Victoria de dave6635 por abandono"]

1. e4 e5 2. Nf3 Nc6 3. Bb5 a6 4. Ba4 Nf6 5. d3 b5 6. Bb3 Bc5 7. O-O d6 8. c3 Bb6 9. Nbd2 O-O 10. Re1 Re8 11. Nf1 Ne7 12. Ng3 Ng6 13. a4 Be6 14. axb5 axb5 15. Rxa8 Qxa8 16. Be3 Qc6 17. Nf5 Qd7 18. Ng3 c5 19. Bxe6 fxe6 20. Qb3 Ng4 21. h3 c4 22. dxc4 Nxe3 23. fxe3 Qa7 24. Nf1 bxc4 25. Qxc4 Qd7 26. b4 d5 27. Qd3 Rf8 28.
Kh2 Bc7 29. c4 Rd8 30. Rd1 Qf7 31. cxd5 exd5 32. Ng3 dxe4 33. Qxd8+ Bxd8 34. Rxd8+ Nf8 35. Nxe5 Qc7 36. Rd5 h6 37. Nxe4 Ng6 38. Nd6 Nxe5 39. Rxe5 Qxd6 0

[Event "Open Nuevo Centro. Jornada 1"]
[Site "Chess.com"]
[Date "2020.06.19"]
[Round "2"]
[White "Zakharash, Georgii"]
[Black "Yatseta Fernandez, Marc Kazymyr"]
[Result "0-1"]
[WhiteElo "855"]
[BlackElo "1389"]
[TimeControl "180+2"]
[EndTime "10:51:34 PDT"]
[Termination "Victoria de K_73 por jaque mate"]

1. d4 Nf6 2. Nf3 d5 3. e3 Bf5 4. Bd3 Be4 5. O-O e6 6. Bxe4 Nxe4 7. Nfd2 Bd6 8. Nxe4 dxe4 9. Nd2 f5 10. b3 Nc6 11. Bb2 Qh4 12. g3 Qh3 13. c4 O-O-O 14.
Qe2 Rhg8 15. Rfb1 g5 16. Qf1 g4 17. Qxh3 gxh3 18. Bc3 Bb4 19. Bxb4 Nxb4 20. a3 Nd3 21.
b4 e5 22. d5 f4 23. Nxe4 Rdf8 24. Ra2 h5 25. Rd1 fxg3 26. fxg3 h4 27. Rxd3 hxg3 28. Nxg3 Rf7 29. Rf2 Rfg7 30. e4 Kd7 31. Rdf3 c6 32.
Rf7+ Kd6 33. Rxg7 Rxg7 34. dxc6 Kxc6 35. Kh1 Rg4 36. Nf5 Rxe4 37. Ne7+ Kd7 38. Nf5 Re1+ 39.
Rf1 Rxf1# 0

[Event "Open Nuevo Centro. Jornada 1"]
[Site "Chess.com"]
[Date "2020.06.19"]
[Round "2"]
[White "Gimenez Sanchis, Jose Antonio"]
[Black "Valverde Alcaide, Miguel Alejandro"]
[Result "1-0"]
[WhiteElo "1424"]
[BlackElo "916"]
[TimeControl "180+2"]
[EndTime "10:51:45 PDT"]
[Termination "Victoria de migesoj por jaque mate"]

1. c4 c5 2. Nc3 Nf6 3. g3 a6 4. Bg2 e5 5. d3 Qe7 6. Nf3 b6 7. O-O Bb7 8. a3 d5 9. cxd5 Nxd5 10. Nxd5 Bxd5 11. Rb1 Nc6 12. Bd2 h6 13. b4 Nd4 14.
Nxd4 Bxg2 15. Kxg2 cxd4 16. Rc1 Qb7+ 17. Kg1 Rc8 18. Qb3 Rxc1 19. Rxc1 Bd6 20. a4 O-O 21. b5 a5 22. Rc6 Rd8 23. e3 Rc8 24. Qc4 Rxc6 25. Qxc6 Qxc6 26. bxc6 Kf8 27. exd4 exd4 28. Bc1 Ke7 29. Bb2 Bc5 30. f4 Kd6 31. Kg2 Kxc6 32.
Kf3 Kd6 33. Ke4 Ke6 34. Bxd4 f5+ 35. Ke3 Bb4 36. Bxg7 Be1 37. Bxh6 Kd5 38. h4 Kc5 39. Bf8+ Kd5 40. Bg7 Kc5 41. h5 Kd5 42. h6 Kc5 43. h7 Kb4 44. h8=Q Kxa4 45. Bc3 b5 46. Bxe1 b4 47.
Bxb4 axb4 48. Qb2 b3 49. d4 Kb4 50. Kd3 Ka4 51. d5 Kb5 52. Qxb3+ Kc5 53. Ke3 Kd6 54. Kd4 Ke7 55. Qb6 Kd7 56. Qe6+ Kc7 57. d6+ Kd8 58. Qe7+ Kc8 59. d7+ Kc7 60. d8=Q+ Kc6 61. Qd5+ Kb6 62. Qee6+ Ka7 63. Qdd7+ Ka8 64. Qee8# 1

[Event "Open Nuevo Centro. Jornada 1"]
[Site "Chess.com"]
[Date "2020.06.19"]
[Round "2"]
[White "Salvador Buiza, Victor"]
[Black "Garcia Oviedo, Alejandro"]
[Result "0-1"]
[WhiteElo "1517"]
[BlackElo "1880"]
[TimeControl "180+2"]
[EndTime "10:51:48 PDT"]
[Termination "Victoria de alexgarov por jaque mate"]

1. e4 d5 2. exd5 Qxd5 3. Nc3 Qa5 4. d4 Nf6 5. Bd2 c6 6. Nf3 Bf5 7. Bc4 e6 8. h3 Be7 9. O-O O-O 10. Nd5 Qd8 11.
Nxe7+ Qxe7 12. Bg5 h6 13. Bh4 Nbd7 14. Ne5 Qd6 15. Nxd7 Nxd7 16. c3 a5 17. a4 Nb6 18.
Bb3 Nd5 19. Bg3 Qd7 20. Bc2 Bxc2 21. Qxc2 Rfc8 22. Rfd1 Nb6 23. Qb3 Nd5 24. Rac1 b5 25. axb5 cxb5 26. c4 Nb4 27. c5 Rd8 28. Bd6 Qc6 29.
Qg3 Kh7 30. Qg4 Rac8 31. Be5 f6 32. Bd6 Na2 33. Ra1 Qd5 34. Rd3 Nb4 35. Rg3 Rd7 36. Rxa5 Nc6 37. Rxb5 Nxd4 38. Rb4 Nf5 39. Qg6+ Kh8 40.
c6 Rxd6 41. Rf4 Nxg3 42. fxg3 Qg5 43.
Qe4 Rdxc6 44. Rg4 Qc1+ 45. Kh2 f5 46. Qe5 fxg4 47. h4 Qc5 48. h5 Qxe5 49. b4 Qxh5+ 50. Kg1 Rc1+ 51. Kf2 R8c2+ 52. Ke3 Qe5+ 53. Kd3 Rc3+ 54.
Kd2 R1c2+ 55. Kd1 Qe2# 0